[ AOE2 MATCH · #479112187 ]
UnrankedBurgundians vs Cumans
[ REPLAY ANALYSIS · EXTRACTED FROM THE RECORDED GAME ]
Feudal
12:36
Castle
—
Imperial
—
| APM avg | 23.4 |
| APM peak | 60 |
| eAPM avg | 14.2 |
| Villagers / military | 37 / 0 |
Focus
⚔️ 22.7% · 🌾 77.3%
Feudal
12:12
Castle
—
Imperial
—
| APM avg | 34.4 |
| APM peak | 57 |
| eAPM avg | 23.3 |
| Villagers / military | 33 / 0 |
Focus
⚔️ 37.9% · 🌾 62.1%
Feudal
14:18
Castle
—
Imperial
—
| APM avg | 21.1 |
| APM peak | 70 |
| eAPM avg | 10.8 |
| Villagers / military | 32 / 0 |
Focus
⚔️ 15.3% · 🌾 84.7%
Feudal
12:23
Castle
—
Imperial
—
| APM avg | 25.5 |
| APM peak | 57 |
| eAPM avg | 9.2 |
| Villagers / military | 25 / 3 |
Focus
⚔️ 13.1% · 🌾 86.9%
Archer ×2 · Militia ×1
Match map
Initial resources + every placement click. Lines = walls · curves = elevation contours. ◆ gold · ⬟ stone · ● berries · ✦ relic · ◌ wall gap
Your base· Open — 11t gap
wEEBER's base· Open — unwalled flank
Armstrong111's base· Open — unwalled flank
[Ultra] Gburre's base· Open — unwalled flank
Smoothed initial terrain · ◌ = detected wall gap · hover for details
Inputs per minute
— Zakk El Rabdomante - - wEEBER
Build order — Zakk El Rabdomante
60 actions detected in the replay
| 0:03 | Build | Town Center |
| 0:23 | Build | Mill |
| 0:25 | Build | House |
| 2:31 | Create | Villager (Male) |
| 2:32 | Create | Villager (Male) |
| 2:32 | Create | Villager (Male) |
| 2:42 | Create | Villager (Male) |
| 3:47 | Create | Villager (Male) |
| 3:47 | Create | Villager (Male) |
| 3:59 | Build | House |
| 4:01 | Create | Villager (Male) |
| 4:02 | Create | Villager (Male) |
| 4:02 | Create | Villager (Male) |
| 4:35 | Create | Villager (Male) |
| 4:35 | Create | Villager (Male) |
| 4:54 | Create | Villager (Male) |
| 4:54 | Create | Villager (Male) |
| 4:55 | Create | Villager (Male) |
| 5:19 | Create | Villager (Male) |
| 5:19 | Create | Villager (Male) |
| 5:19 | Create | Villager (Male) |
| 5:42 | Create | Villager (Male) |
| 5:42 | Create | Villager (Male) |
| 6:14 | Create | Villager (Male) |
| 6:22 | Build | House |
| 6:26 | Create | Villager (Male) |
| 6:26 | Create | Villager (Male) |
| 7:29 | Create | Villager (Male) |
| 7:38 | Create | Villager (Male) |
| 8:00 | Create | Villager (Male) |
| 8:12 | Create | Villager (Male) |
| 8:29 | Build | Lumber Camp |
| 8:43 | Build | House |
| 9:03 | Create | Villager (Male) |
| 9:07 | Create | Villager (Male) |
| 9:26 | Research | Loom |
| 10:24 | Research | Feudal Age |
| 10:24 | Research | Feudal Age |
| 10:34 | Build | Mining Camp |
| 10:37 | Build | Barracks |
| 10:55 | Build | Mill |
| 11:04 | Build | House |
| 11:16 | Research | Double-Bit Axe |
| 11:17 | Research | Double-Bit Axe |
| 11:17 | Research | Double-Bit Axe |
| 12:19 | Build | House |
| 12:30 | Create | Villager (Male) |
| 12:36 | Age | Feudal Age |
| 13:01 | Create | Villager (Male) |
| 13:25 | Create | Villager (Male) |
| 13:30 | Build | House |
| 13:32 | Create | Villager (Male) |
| 13:46 | Create | Villager (Male) |
| 14:07 | Build | Blacksmith |
| 14:09 | Build | Market |
| 14:34 | Build | Mill |
| 14:40 | Create | Villager (Male) |
| 15:05 | Create | Villager (Male) |
| 15:11 | Create | Villager (Male) |
| 15:28 | Create | Villager (Male) |
Build order — wEEBER
71 actions detected in the replay
| 0:23 | Build | Town Center |
| 1:26 | Build | House |
| 2:04 | Build | House |
| 2:36 | Create | Villager (Male) |
| 2:37 | Create | Villager (Male) |
| 2:37 | Create | Villager (Male) |
| 2:42 | Create | Villager (Male) |
| 3:03 | Build | House |
| 3:42 | Create | Villager (Male) |
| 4:09 | Create | Villager (Male) |
| 4:10 | Create | Villager (Male) |
| 4:38 | Build | House |
| 4:59 | Build | House |
| 5:09 | Create | Villager (Male) |
| 5:11 | Create | Villager (Male) |
| 5:11 | Create | Villager (Male) |
| 5:17 | Build | House |
| 5:21 | Build | Lumber Camp |
| 5:41 | Create | Villager (Male) |
| 5:51 | Create | Villager (Male) |
| 7:03 | Create | Villager (Male) |
| 7:03 | Create | Villager (Male) |
| 7:05 | Create | Villager (Male) |
| 7:05 | Create | Villager (Male) |
| 7:09 | Create | Villager (Male) |
| 7:24 | Create | Villager (Male) |
| 7:54 | Research | Loom |
| 8:05 | Create | Villager (Male) |
| 8:25 | Create | Villager (Male) |
| 8:35 | Create | Villager (Male) |
| 8:41 | Build | Palisade Wall |
| 8:46 | Build | Palisade Wall |
| 8:48 | Build | Palisade Wall |
| 8:49 | Build | Palisade Wall |
| 8:50 | Create | Villager (Male) |
| 8:51 | Build | Palisade Wall |
| 8:59 | Build | Mill |
| 8:59 | Create | Villager (Male) |
| 9:02 | Create | Villager (Male) |
| 9:57 | Research | Feudal Age |
| 10:56 | Create | Villager (Male) |
| 10:56 | Create | Villager (Male) |
| 12:12 | Age | Feudal Age |
| 12:15 | Build | Town Center |
| 12:18 | Research | Double-Bit Axe |
| 12:43 | Build | Mining Camp |
| 12:55 | Build | Palisade Wall |
| 12:57 | Build | Palisade Wall |
| 12:59 | Build | Palisade Wall |
| 13:02 | Build | Palisade Wall |
| 13:03 | Build | Palisade Wall |
| 13:06 | Build | Palisade Wall |
| 13:10 | Build | Palisade Wall |
| 13:12 | Create | Villager (Male) |
| 13:20 | Create | Villager (Male) |
| 13:33 | Create | Villager (Male) |
| 13:47 | Create | Villager (Male) |
| 13:47 | Create | Villager (Male) |
| 13:52 | Create | Villager (Male) |
| 14:09 | Build | Watch Tower |
| 14:19 | Build | Mill |
| 14:22 | Build | Farm |
| 14:22 | Build | Farm |
| 14:22 | Build | Farm |
| 14:23 | Build | Farm |
| 14:23 | Build | Farm |
| 14:43 | Build | Palisade Wall |
| 14:44 | Build | Palisade Wall |
| 14:49 | Create | Villager (Male) |
| 15:04 | Build | Farm |
| 15:35 | Build | Barracks |
Build order — Armstrong111
48 actions detected in the replay
| 2:28 | Build | Town Center |
| 4:13 | Create | Villager (Male) ×4 |
| 4:17 | Build | House |
| 4:18 | Build | House |
| 5:10 | Build | Lumber Camp |
| 5:30 | Create | Villager (Male) |
| 5:30 | Create | Villager (Male) |
| 6:14 | Create | Villager (Male) |
| 6:26 | Create | Villager (Male) |
| 6:55 | Create | Villager (Male) |
| 6:55 | Create | Villager (Male) |
| 7:08 | Build | House |
| 7:10 | Build | House |
| 7:31 | Create | Villager (Male) |
| 7:31 | Create | Villager (Male) |
| 7:48 | Create | Villager (Male) |
| 7:49 | Create | Villager (Male) |
| 7:57 | Create | Villager (Male) |
| 7:57 | Create | Villager (Male) |
| 8:29 | Create | Villager (Male) |
| 8:29 | Create | Villager (Male) |
| 8:51 | Create | Villager (Male) |
| 8:51 | Create | Villager (Male) |
| 9:24 | Create | Villager (Male) |
| 9:46 | Create | Villager (Male) |
| 10:05 | Create | Villager (Male) |
| 10:30 | Research | Loom |
| 11:07 | Create | Villager (Male) |
| 11:07 | Create | Villager (Male) |
| 11:36 | Build | Mill |
| 11:46 | Create | Villager (Male) |
| 12:07 | Research | Feudal Age |
| 12:35 | Build | Palisade Wall |
| 12:38 | Build | Palisade Wall |
| 12:45 | Build | House |
| 12:51 | Build | House |
| 13:16 | Create | Villager (Male) |
| 13:16 | Create | Villager (Male) |
| 13:21 | Build | Barracks |
| 14:17 | Create | Villager (Male) |
| 14:18 | Age | Feudal Age |
| 14:26 | Build | Archery Range |
| 14:33 | Create | Villager (Male) |
| 14:38 | Research | Double-Bit Axe |
| 15:02 | Build | Blacksmith |
| 15:04 | Build | Palisade Wall |
| 15:09 | Create | Villager (Male) |
| 15:45 | Create | Villager (Male) |
Build order — [Ultra] Gburre
49 actions detected in the replay
| 0:19 | Build | Town Center |
| 0:43 | Build | House |
| 2:33 | Research | Loom |
| 2:33 | Research | Loom |
| 3:14 | Create | Villager (Male) |
| 3:30 | Build | Lumber Camp |
| 3:38 | Create | Villager (Male) |
| 4:11 | Create | Villager (Male) |
| 4:32 | Create | Villager (Male) |
| 4:33 | Create | Villager (Male) |
| 4:52 | Create | Villager (Male) |
| 4:52 | Create | Villager (Male) |
| 5:14 | Create | Villager (Male) |
| 5:50 | Create | Villager (Male) |
| 6:23 | Create | Villager (Male) |
| 6:23 | Create | Villager (Male) |
| 6:24 | Create | Villager (Male) |
| 6:24 | Create | Villager (Male) |
| 6:51 | Create | Villager (Male) |
| 7:26 | Build | Mill |
| 7:36 | Create | Villager (Male) |
| 8:10 | Create | Villager (Male) |
| 8:51 | Create | Villager (Male) |
| 9:20 | Build | House |
| 9:30 | Build | Mill |
| 10:13 | Research | Feudal Age |
| 10:13 | Research | Feudal Age |
| 10:56 | Build | Barracks |
| 10:59 | Create | Villager (Male) |
| 11:33 | Create | Militia |
| 12:00 | Build | House |
| 12:23 | Age | Feudal Age |
| 12:27 | Build | Watch Tower |
| 12:40 | Build | Archery Range |
| 12:41 | Create | Villager (Male) |
| 13:09 | Build | Watch Tower |
| 13:20 | Create | Villager (Male) |
| 13:21 | Create | Villager (Male) |
| 13:25 | Create | Archer |
| 13:26 | Create | Archer |
| 14:10 | Create | Villager (Male) |
| 14:15 | Build | House |
| 14:18 | Research | Double-Bit Axe |
| 14:59 | Build | Watch Tower |
| 15:18 | Build | Watch Tower |
| 15:23 | Create | Villager (Male) |
| 15:24 | Create | Villager (Male) |
| 15:29 | Build | Mining Camp |
| 15:46 | Create | Villager (Male) |
Match timeline
| 8:41 | wEEBER · wall_segment Palisade Wall x2 |
| 8:46 | wEEBER · wall_segment Palisade Wall x3 |
| 8:48 | wEEBER · wall_segment Palisade Wall x1 |
| 8:49 | wEEBER · wall_segment Palisade Wall x1 |
| 8:51 | wEEBER · wall_segment Palisade Wall x1 |
| 10:37 | Zakk El Rabdomante · first_building Barracks |
| 10:56 | [Ultra] Gburre · first_building Barracks |
| 12:12 | wEEBER · age_up feudal |
| 12:23 | [Ultra] Gburre · age_up feudal |
| 12:35 | Armstrong111 · wall_segment Palisade Wall x1 |
| 12:36 | Zakk El Rabdomante · age_up feudal |
| 12:38 | Armstrong111 · wall_segment Palisade Wall x1 |
| 12:40 | [Ultra] Gburre · first_building Archery Range |
| 12:55 | wEEBER · wall_segment Palisade Wall x1 |
| 12:57 | wEEBER · wall_segment Palisade Wall x1 |
| 12:59 | wEEBER · wall_segment Palisade Wall x1 |
| 13:02 | wEEBER · wall_segment Palisade Wall x1 |
| 13:03 | wEEBER · wall_segment Palisade Wall x1 |
| 13:06 | wEEBER · wall_segment Palisade Wall x1 |
| 13:10 | wEEBER · wall_segment Palisade Wall x1 |
| 13:21 | Armstrong111 · first_building Barracks |
| 14:18 | Armstrong111 · age_up feudal |
| 14:26 | Armstrong111 · first_building Archery Range |
| 14:43 | wEEBER · wall_segment Palisade Wall x1 |
| 14:44 | wEEBER · wall_segment Palisade Wall x1 |
| 15:04 | Armstrong111 · wall_segment Palisade Wall x1 |
| 15:35 | wEEBER · first_building Barracks |
| 15:48 | wEEBER · resign |
[ AI ANALYSIS · 1 CREDIT ]
What really happened in this match?
Wolo.gg analyzes every decision: build order, eco, micro, common mistakes by bracket. Personalized analysis on WhatsApp or Discord in 30 seconds.
Civ guide
Burgundians
Perfil
Jugador #1825664